AoeStats
← Tand00riKnight

Arabia

510123872Analyzed
1v1 RM · 3d ago on Sep 29, 2026· 40m 20s· 2 players
Game mode
Random Map
Map size
Tiny (2 player)
Population
200
Speed
Normal
Resources
Standard
Victory
Conquest
Starting age
Dark Age
Ending age
Imperial Age
RankedLock teamsTeams togetherTeam positionsShared explorationLock speedFull tech treeHidden civsTurbo modeCheats
Victory
Defeat
🇨🇭 Jurchens · Switzerland
990
+17
🇮🇳 Vikings · India
1006
-17
alexhess1
5:54 Loom
8:52 Feudal Age
10:19 Double-Bit Axe
19:49 Castle Age
19:04 Fletching
19:44 Padded Archer Armor
20:39 Gold Mining
20:51 Crossbowman
22:15 Bodkin Arrow
25:12 Horse Collar
25:52 Bow Saw
26:19 Scale Mail Armor
27:13 Forging
27:21 Chain Mail Armor
27:40 Squires
29:02 Forging
29:36 Town Watch
30:30 Wheelbarrow
33:00 Iron Casting
34:33 Heavy Plow
40:09 Imperial Age
37:55 Scale Barding Armor
39:01 Chain Barding Armor
40:19 Hand Cart
Tand00riKnight
7:44 Loom
11:07 Feudal Age
13:02 Double-Bit Axe
13:14 Man-at-Arms
21:08 Castle Age
19:21 Horse Collar
21:02 Padded Archer Armor
20:53 Fletching
21:21 Gold Mining
21:29 Elite Skirmisher
23:39 Bodkin Arrow
39:11 Squires
39:45 Scale Mail Armor
39:55 Forging
Connection lost

Rejoining the realm…

Still unreachable

The connection could not be restored.

Session expired

The server has moved on; the page needs a fresh start.